 Dungeon Crawl Stone Soup version 0.27.1 (webtiles) character file.

Game seed: 3229169190491545695

508 ZARRMARR the Insei (level 7, -1/60 HPs)
             Began as a Gnoll Monk on Aug 25, 2021.
             Slain by Dowan (7 damage)
             ... on level 4 of the Dungeon.
             The game lasted 00:12:46 (4564 turns).

ZARRMARR the Insei (Gnoll Monk)                     Turns: 4564, Time: 00:12:47

Health: -1/60      AC:  2    Str: 12    XL:     7   Next: 18%
Magic:  10/10      EV: 15    Int: 10    God:
Gold:   174        SH:  5    Dex: 14    Spells: 10/10 levels left

rFire    . . .     SeeInvis .     - Unarmed
rCold    . . .     Faith    .   (no shield)
rNeg     + + .     Spirit   .   a - +0 robe
rPois    .         Reflect  +   i - +0 hat
rElec    .         Harm     .   (no cloak)
rCorr    .         Rampage  .   (no gloves)
Will     .....                  (no boots)
Stlth    +++.......             d - amulet of reflection
HPRegen  0.20/turn              g - ring of positive energy
MPRegen  0.12/turn              s - ring of positive energy

@: no status effects
A: fangs 1, strong nose, distributed training
a: no special abilities


You were on level 4 of the Dungeon.
You visited 1 branch of the dungeon, and saw 4 of its levels.

You collected 174 gold pieces.

Inventory:

Hand Weapons
 c - a +2 dagger of venom
Missiles
 n - 2 boomerangs
 o - 8 poisoned darts (quivered)
Armour
 a - a +0 robe (worn)
 i - a +0 hat (worn)
Jewellery
 d - an amulet of reflection (around neck)
 g - a ring of positive energy (left hand)
 k - a ring of see invisible
 l - a ring of protection from fire
 s - a ring of positive energy (right hand)
Wands
 m - a wand of iceblast (5)
Scrolls
 f - a scroll of torment
 p - a scroll of holy word {unknown}
 q - a scroll of enchant armour {unknown}
Potions
 b - a potion of curing
 e - a potion of resistance {unknown}
 h - a potion of flight {unknown}
 j - a potion of haste {unknown}
 r - a potion of attraction {unknown}
 t - a potion of heal wounds {unknown}
 u - a potion of degeneration {unknown}


   Skills:
 + Level 7.0 Fighting
 + Level 2.3 Short Blades
 + Level 2.3 Long Blades
 + Level 2.3 Axes
 + Level 2.3 Maces & Flails
 + Level 2.3 Polearms
 + Level 2.3 Staves
 + Level 2.3 Slings
 + Level 2.3 Bows
 + Level 2.3 Crossbows
 + Level 2.3 Throwing
 + Level 2.3 Armour
 + Level 7.0 Dodging
 + Level 4.8 Stealth
 + Level 2.3 Shields
 + Level 7.0 Unarmed Combat
 + Level 2.3 Spellcasting
 + Level 1.9 Conjurations
 + Level 1.9 Hexes
 + Level 1.9 Summonings
 + Level 1.9 Necromancy
 + Level 1.9 Translocations
 + Level 1.9 Transmutations
 + Level 1.9 Fire Magic
 + Level 1.9 Ice Magic
 + Level 1.9 Air Magic
 + Level 1.9 Earth Magic
 + Level 1.9 Poison Magic
 + Level 2.5 Invocations
 + Level 2.3 Evocations


You had 10 spell levels left.
You didn't know any spells.
Your spell library contained the following spells:

 Spells                   Type           Power      Damage    Failure   Level
 Passwall                 Tmut/Erth      4%         N/A       21%         2
 Conjure Flame            Conj/Fire      5%         6-21      38%         3
 Ignite Poison            Fire/Tmut/Pois 5%         N/A       38%         3
 Swiftness                Air            5%         N/A       38%         3
 Sticky Flame             Conj/Fire      5%         2d3       80%         4
 Invisibility             Hex            2%         N/A       100%        6


Dungeon Overview and Level Annotations

Branches:
Dungeon (4/15)
 Temple: D:4-7

Altars:
Zin

Annotations:
D:4 Dowan, Duvessa


Innate Abilities, Weirdness & Mutations

You have very sharp teeth.
Your uncanny sense of smell can sniff out nearby items.
Your experience applies equally to all skills.


Message History

Duvessa and Dowan come into view.
Dowan is wielding a +2 dagger of speed.
There is an open door here.
The helpless Duvessa fails to defend herself.
You hit Duvessa.
Duvessa is lightly wounded.
Duvessa opens the door.
You hit Duvessa but do no damage.
Duvessa is lightly wounded.
Duvessa hits you with a +0 short sword!
You hit Duvessa.
Duvessa is moderately wounded.
Dowan shouts!
You block Duvessa's attack.
You barely miss Duvessa.
Duvessa is moderately wounded.
Duvessa hits you with a +0 short sword!
Dowan mumbles some strange words.
Dowan blinks!
You hit Duvessa.
Duvessa is moderately wounded.
You block Duvessa's attack.
You barely miss Duvessa. You bite Duvessa, but do no damage.
Duvessa is moderately wounded.
Duvessa hits you with a +0 short sword. Dowan barely misses you.
You hit Duvessa but do no damage.
Duvessa is moderately wounded.
Dowan says, "Where the sword fails, magic succeeds!"
Dowan points at you and mumbles some strange words.
The puff of frost hits you. Duvessa hits you with a +0 short sword!
Unknown command.
You barely miss Duvessa.
Duvessa is moderately wounded.
Dowan hits you with a +2 dagger of speed.
* * * LOW HITPOINT WARNING * * *
You hit Duvessa. You bite Duvessa, but do no damage.
Duvessa is heavily wounded.
Duvessa hits you with a +0 short sword!
* * * LOW HITPOINT WARNING * * *
Dowan hits you with a +2 dagger of speed!
You die...

. .## ..# ∆
#.###+###+###+###
#.#..#.......#..#
#.#..#.......#..#
#.'..'###+###'..+
#e#..#.+...+.#..#
#@#..#.#...#.#..#
#.e##'.#._.#.'##+
#.#..#.#...#.#..#
#.#..#.+...'.#..#
#.+..+###+###'..+
###..#.......#..#
#..#.......#..#
###+###+###'###
###.##..####


You could see Duvessa and Dowan.

Vanquished Creatures
  2 water moccasins
  A sky beast (D:4)
  A centaur skeleton (D:4)
  A hound zombie (D:4)
  5 gnolls
  3 adders
  2 adder skeletons (D:4)
  4 orcs (D:3)
  11 ball pythons
  4 bats
  2 endoplasms (D:2)
  5 giant cockroaches
  7 goblins
  6 hobgoblins
  2 jackals (D:2)
  3 quokkas
  5 frilled lizards
  12 kobolds
  8 rats
84 creatures vanquished.

Notes
Turn   | Place    | Note
-------+----------+-------------------------------------------
     0 | D:1      | ZARRMARR the Gnoll Monk began the quest for the Orb.
     0 | D:1      | Reached XP level 1. HP: 23/23 MP: 1/1
   142 | D:1      | Reached XP level 2. HP: 24/29 MP: 2/2
   480 | D:1      | Reached XP level 3. HP: 15/35 MP: 3/3
  1270 | D:2      | Reached skill level 1 in Invocations
  1539 | D:2      | Reached skill level 1 in Short Blades
  1539 | D:2      | Reached skill level 1 in Long Blades
  1539 | D:2      | Reached skill level 1 in Axes
  1539 | D:2      | Reached skill level 1 in Maces & Flails
  1539 | D:2      | Reached skill level 1 in Polearms
  1539 | D:2      | Reached skill level 1 in Staves
  1539 | D:2      | Reached skill level 1 in Slings
  1539 | D:2      | Reached skill level 1 in Bows
  1539 | D:2      | Reached skill level 1 in Crossbows
  1539 | D:2      | Reached skill level 1 in Throwing
  1539 | D:2      | Reached skill level 1 in Armour
  1539 | D:2      | Reached skill level 1 in Shields
  1539 | D:2      | Reached skill level 1 in Spellcasting
  1539 | D:2      | Reached skill level 1 in Evocations
  1578 | D:2      | Reached XP level 4. HP: 32/41 MP: 5/5
  2272 | D:2      | Reached skill level 1 in Conjurations
  2272 | D:2      | Reached skill level 1 in Hexes
  2272 | D:2      | Reached skill level 1 in Summonings
  2272 | D:2      | Reached skill level 1 in Necromancy
  2272 | D:2      | Reached skill level 1 in Translocations
  2272 | D:2      | Reached skill level 1 in Transmutations
  2272 | D:2      | Reached skill level 1 in Fire Magic
  2272 | D:2      | Reached skill level 1 in Ice Magic
  2272 | D:2      | Reached skill level 1 in Air Magic
  2272 | D:2      | Reached skill level 1 in Earth Magic
  2272 | D:2      | Reached skill level 1 in Poison Magic
  2815 | D:2      | Reached XP level 5. HP: 47/47 MP: 6/6
  3262 | D:3      | Found a faded altar of an unknown god.
  3662 | D:4      | Noticed a water moccasin
  3683 | D:3      | Killed a water moccasin
  3684 | D:3      | Reached XP level 6. HP: 16/53 MP: 8/8
  3920 | D:4      | Noticed a sky beast
  3939 | D:4      | Killed a sky beast
  4209 | D:4      | Noticed a water moccasin
  4222 | D:4      | Killed a water moccasin
  4223 | D:4      | Reached XP level 7. HP: 49/59 MP: 10/10
  4510 | D:4      | Found a glowing silver altar of Zin.
  4550 | D:4      | Noticed Duvessa
  4550 | D:4      | Noticed Dowan
  4564 | D:4      | Slain by Dowan

Illustrated notes

Levels and vault maps discovered:
D:1:      erik_arrival_cave_to_civilisation [erik_arrival_cave_to_hall],
          layout_rooms, hex_tiny, amcnicky_mini_rare_corridor_liquid
D:2:      minmay_thinvault, layout_loops_ring, grunt_decor_fettered
D:3:      layout_basic, shapermc_ecumenical_altar_ellora,
          minmay_fractal_squares_diagonal_5
D:4:      layout_loops_cross, mainiacjoe_overflow_24_doors, uniq_duvessa

Skill      XL: |  1  2  3  4  5  6  7 |
---------------+----------------------+-----
Invocations    | 1 2 |  2.5
Short Blades   | 1 2 |  2.3
Long Blades    | 1 2 |  2.3
Axes           | 1 2 |  2.3
Maces & Flails | 1 2 |  2.3
Polearms       | 1 2 |  2.3
Staves         | 1 2 |  2.3
Slings         | 1 2 |  2.3
Bows           | 1 2 |  2.3
Crossbows      | 1 2 |  2.3
Throwing       | 1 2 |  2.3
Armour         | 1 2 |  2.3
Shields        | 1 2 |  2.3
Spellcasting   | 1 2 |  2.3
Evocations     | 1 2 |  2.3
Conjurations   | 1 |  1.9
Hexes          | 1 |  1.9
Summonings     | 1 |  1.9
Necromancy     | 1 |  1.9
Translocations | 1 |  1.9
Transmutations | 1 |  1.9
Fire Magic     | 1 |  1.9
Ice Magic      | 1 |  1.9
Air Magic      | 1 |  1.9
Earth Magic    | 1 |  1.9
Poison Magic   | 1 |  1.9
Fighting       | 7 |  7.0
Dodging        | 7 |  7.0
Unarmed Combat | 7 |  7.0
Stealth        | |  4.8

Action                   |  1- 3 |  4- 6 |  7- 9 || total
-------------------------+-------+-------+-------++-------
Melee: Unarmed           |    90 |   118 |    25 ||   233
       Bite              |     6 |     8 |     2 ||    16
       Punch             |     2 |     3 |       ||     5
Throw: Boomerang         |       |     8 |       ||     8
  Use: Scroll            |     2 |     1 |       ||     3
       Potion            |       |     1 |       ||     1
 Stab: Sleeping          |     5 |     8 |     3 ||    16
Armor: Robe              |    11 |    11 |     2 ||    24
Dodge: Dodged            |    59 |    63 |    11 ||   133
Block: Other             |       |    21 |     4 ||    25
       Reflection        |       |     2 |       ||     2
